 Dungeon Crawl Stone Soup version 0.21-a0-529-g8c7b3f5 (webtiles) character file.

2131 Amnesiac the Reanimator (level 9, -1/56 HPs)
             Began as a Deep Elf Necromancer on Dec 10, 2017.
             Was a Follower of Sif Muna.
             Slain by Duvessa
             ... wielding a +0 rapier
              (12 damage)
             ... on level 6 of the Dungeon.
             The game lasted 00:12:08 (6905 turns).

Amnesiac the Reanimator (Deep Elf Necromancer)      Turns: 6905, Time: 00:12:09

Health: -1/56      AC:  3    Str:  2 (5)  XL:     9   Next: 9%
Magic:  8/20       EV: 16    Int: 22 (24) God:    Sif Muna [*.....]
Gold:   288        SH:  0    Dex: 14 (15) Spells: 9/20 levels left

rFire    . . .     SeeInvis .   k - +1 dagger (elec)
rCold    . . .     Gourm    .   (no shield)
rNeg     . . .     Faith    .   a - +1 robe
rPois    .         Spirit   .   (no helmet)
rElec    .         Reflect  .   (no cloak)
rCorr    .         Harm     .   (no gloves)
MR       .....                  (no boots)
Stlth    ++........             (no amulet)
HPRegen  0.18/turn              (no ring)
MPRegen  0.17/turn              (no ring)

@: divine energy
A: no striking features
a: Stop Divine Energy, Renounce Religion


You were on level 6 of the Dungeon.
You worshipped Sif Muna.
Sif Muna was aware of your devotion.
You were very hungry.

You visited 2 branches of the dungeon, and saw 7 of its levels.
You also visited: Sewer.

You collected 288 gold pieces.

Inventory:

Hand Weapons
 k - a +1 dagger of electrocution (weapon)
 s - a +0 blowgun
 H - a cursed -3 shortbow
Missiles
 f - 206 stones (quivered)
 t - 32 poisoned needles
 I - 16 arrows
Armour
 a - a +1 robe (worn)
Jewellery
 h - an uncursed ring of ice
 y - an uncursed ring of teleportation
Wands
 l - a wand of disintegration (17)
 B - a wand of acid (7)
 F - a wand of flame (34)
Scrolls
 d - 5 scrolls of teleportation {!r}
 j - a scroll of blinking {!r}
 m - 3 scrolls of remove curse {!r}
 n - a scroll of magic mapping {!r}
 r - a scroll of fog {!r}
 w - a scroll of amnesia {!r}
 x - 3 scrolls of enchant armour {!r}
 z - 2 scrolls of enchant weapon {!r}
 G - a scroll of identify {!r}
Potions
 g - a potion of brilliance {!q}
 o - 2 potions of resistance {!q}
 p - 2 potions of might {!q}
 u - a potion of magic {!q, unknown}
 A - a potion of cancellation {!q}
 E - a potion of curing {!q}
Books
 b - a book of Necromancy

   Spells                             Type                      Level
   a - Pain                           Necromancy                   1
   b - Animate Skeleton               Necromancy                   1
   c - Vampiric Draining              Necromancy                   3
   d - Regeneration                   Charms/Necromancy            3
   e - Animate Dead                   Necromancy                   4
   f - Control Undead                 Necromancy                   4
 e - a book of Power

   Spells                             Type                      Level
   a - Iskenderun's Battlesphere      Conjuration/Charms           5
   b - Venom Bolt                     Conjuration/Poison           5
   c - Bolt of Magma                  Conjuration/Fire/Earth       5
   d - Iron Shot                      Conjuration/Earth            6
   e - Orb of Destruction             Conjuration                  7
   f - Spellforged Servitor           Conjuration/Summoning        7
 C - a book of Callings

   Spells                             Type                      Level
   a - Summon Small Mammal            Summoning                    1
   b - Call Imp                       Summoning                    2
   c - Call Canine Familiar           Summoning                    3
   d - Summon Guardian Golem          Hexes/Summoning              3
   e - Summon Lightning Spire         Summoning/Air                4
   f - Summon Ice Beast               Ice/Summoning                4
Comestibles
 c - 2 bread rations
 v - a royal jelly
 D - a meat ration


   Skills:
 - Level 6.8 Fighting
 - Level 6.7 Dodging
 - Level 2.4 Stealth
 + Level 6.0 Spellcasting
 * Level 8.3 Necromancy


You had 9 spell levels left.
You knew the following spells:

 Your Spells              Type           Power        Failure   Level  Hunger
a - Pain                  Necr           ####         1%          1    None
b - Control Undead        Necr           #####.....   3%          4    ###....
d - Vampiric Draining     Necr           #####.....   1%          3    #......
r - Regeneration          Chrm/Necr      ###.......   4%          3    #......


Dungeon Overview and Level Annotations

Branches:
Dungeon (6/15)             Temple (1/1) D:5

Altars:
Ashenzari
Cheibriados
Dithmenos
Elyvilon
Nemelex Xobeh
Qazlal
Ru
Sif Muna
Trog
Uskayaw
Wu Jian
Xom
Zin
The Shining One

Shops:
D:4 *

Annotations:
D:6 Dowan, Duvessa


Message History

Dowan gestures at Duvessa while chanting.
Duvessa seems to speed up.
You hit the bullfrog. Lightning courses through the bullfrog!
The bullfrog is severely wounded.
The bullfrog misses you. The bullfrog hits you.
Okay, then.
Okay, then.
Okay, then.
You closely miss the bullfrog.
The bullfrog is severely wounded.
The bullfrog barely misses you.
Really quaff
i - a metallic black potion {!q}?
It was a potion of degeneration {!q}.
There was something very wrong with that liquid.
You feel weakened.
You feel dopey.
You feel clumsy. The bullfrog hits you. The bullfrog hits you!
* * * LOW HITPOINT WARNING * * *
Really quaff
q - a bubbling white potion {!q}?
It was a potion of ambrosia {!q}.
You are confused.
You feel invigorated. The bullfrog barely misses you.
You miss the bullfrog.
The bullfrog is severely wounded.
The bullfrog hits you. The bullfrog barely misses you.
You hit the bullfrog. Lightning courses through the bullfrog!
You kill the bullfrog!
Sif Muna accepts your kill.
Your Spellcasting skill increases to level 6!
You feel less invigorated.
You feel less confused.
You completely miss Duvessa. Duvessa hits you with a rapier!
* * * LOW HITPOINT WARNING * * *
Duvessa barely misses you.
Casting: Vampiric Draining
Confirm with . or Enter, or press ? or * to list all spells.
Aiming: Vampiric Draining
Press: ? - help, Shift-Dir - straight line, f - Duvessa
Aim: Duvessa, wielding a rapier and wearing a ring mail (fast, unusually strong) Duvessa is moderately wounded.
You feel life coursing into your body.
You are feeling very hungry.
Duvessa hits you with a rapier!
* * * LOW HITPOINT WARNING * * *
Dowan says, "Magic and the sword, together, will defeat you."
Dowan mumbles some strange words.
Dowan blinks!
Casting: Vampiric Draining
Confirm with . or Enter, or press ? or * to list all spells.
Aiming: Vampiric Draining
Press: ? - help, Shift-Dir - straight line, f/p - Duvessa
Aim: Duvessa, wielding a rapier and wearing a ring mail (moderately wounded, fast, unusually strong) Duvessa is heavily wounded.
You feel life coursing into your body. Duvessa hits you with a rapier!
* * * LOW HITPOINT WARNING * * *
Dowan casts a spell.
Dowan blinks!
Casting: Vampiric Draining
Confirm with . or Enter, or press ? or * to list all spells.
Aiming: Vampiric Draining
Press: ? - help, Shift-Dir - straight line, f/p - Duvessa
Aim: Duvessa, wielding a rapier and wearing a ring mail (heavily wounded, fast, unusually strong) Duvessa is almost dead.
You feel life coursing into your body. Duvessa hits you with a rapier!
You die...

#.+...+ ..
#.#...# ...
#.#...#
...###$#...#
.......#...# ..
.........e# .<.
..........# ...
#....# ####.#
#....#####@##F###
#........#e##...
#....#####.##.#
#.......##....#
####.....#.##.#
#.##..#....#
#.......ยง..#
#)........##
####.##.###


You could see Duvessa.

Vanquished Creatures
  The ghost of Amnesiac the Grave Robber, an amateur DENe (D:5)
  An ice beast (D:5)
  2 ogres
  2 centaurs
  7 big kobolds (Sewer)
  2 bullfrogs (D:6)
  3 scorpions
  2 crimson imps
  2 hounds
  A jelly (D:5)
  An orc wizard (D:4)
  A centaur zombie (D:6)
  2 orc priests (D:3)
  An iguana (D:5)
  4 worker ants
  A killer bee zombie (D:5)
  A worker ant zombie (D:5)
  11 adders
  7 gnolls
  A river rat (Sewer)
  A shadow imp (D:5)
  8 oozes
  An adder zombie (D:5)
  An adder skeleton (D:5)
  4 worms
  3 dart slugs
  4 leopard geckos
  10 orcs
  10 ball pythons
  5 bats
  8 giant cockroaches
  8 hobgoblins
  8 jackals
  11 kobolds
  A quokka (D:3)
  A ball python zombie (D:5)
  5 frilled lizards
  10 goblins
  10 rats
162 creatures vanquished.

Notes
Turn   | Place    | Note
-------+----------+-------------------------------------------
     0 | D:1      | Amnesiac the Deep Elf Necromancer began the quest for the Orb.
     0 | D:1      | Reached XP level 1. HP: 10/10 MP: 6/6
   137 | D:2      | Reached skill level 1 in Fighting
   286 | D:2      | Reached XP level 2. HP: 11/16 MP: 4/8
   724 | D:3      | Reached XP level 3. HP: 13/21 MP: 3/9
   732 | D:3      | Learned a level 3 spell: Vampiric Draining
   736 | D:3      | Learned a level 3 spell: Regeneration
  1222 | D:3      | Reached XP level 4. HP: 23/28 MP: 5/10
  1528 | D:4      | Noticed an ogre
  1583 | D:4      | Reached XP level 5. HP: 31/32 MP: 8/11
  1639 | D:4      | Killed an ogre
  1832 | D:4      | Found a glowing drain.
  1850 | Sewer    | Entered a sewer
  2097 | Sewer    | Reached XP level 6. HP: 37/38 MP: 9/12
  2265 | Sewer    | Reached skill level 5 in Fighting
  2265 | Sewer    | Reached skill level 5 in Dodging
  2323 | Sewer    | Reached XP level 7. HP: 33/44 MP: 4/13
  2920 | D:4      | Found Yti Bal's Assorted Antiques.
  2958 | D:4      | Learned a level 4 spell: Control Undead
  3248 | D:5      | Entered Level 5 of the Dungeon
  3289 | D:5      | Got a slimy whip
  3291 | D:5      | Identified the +4 whip of Valiance {slash, MP-9 Int+3 Stlth+} (You found it on level 5 of the Dungeon)
  3375 | D:5      | Reached XP level 8. HP: 44/52 MP: 14/14
  3585 | D:5      | Noticed Amnesiac's ghost (amateur DENe)
  3710 | D:5      | Found a staircase to the Ecumenical Temple.
  3718 | Temple   | Entered the Ecumenical Temple
  3921 | Temple   | Became a worshipper of Sif Muna the Loreminder
  4029 | Temple   | Reached skill level 5 in Necromancy
  4727 | D:1      | Found a snail-covered altar of Cheibriados.
  6140 | D:5      | Reached skill level 6 in Necromancy
  6489 | D:5      | Killed Amnesiac's ghost
  6489 | D:5      | Reached * piety under Sif Muna
  6489 | D:5      | Reached skill level 5 in Spellcasting
  6489 | D:5      | Reached skill level 7 in Necromancy
  6868 | D:6      | Reached skill level 8 in Necromancy
  6868 | D:6      | Reached XP level 9. HP: 37/56 MP: 3/19
  6870 | D:6      | Noticed Duvessa
  6892 | D:6      | Noticed Dowan
  6905 | D:6      | Slain by Duvessa

Vault maps used:
D:1:      matt_arrival_grand_opening, minmay_misc_feat_alley,
          cheibriados_altar_1
D:2:      minmay_door_square, serial_bayou_lagoon_a
D:3:      first_bread, serial_park_tiny_pond
D:4:      cheibrodos_sewer_entry_drain, serial_shops, kennysheep_mini
D:5:      cheibrodos_barr_body, minmay_temple_entry_crystal_x,
          hangedman_decor_peaks_small
D:6:      lemuel_doored_altar, gammafunk_temple_overflow_pools,
          uniq_blork_the_orc, uniq_eustachio, uniq_duvessa
Temple:   nicolae_temple_figure_eight
Sewer:    sewer_co_tree

Skill      XL: |  1  2  3  4  5  6  7  8  9 |
---------------+----------------------------+-----
Fighting       | 1 2 3 4 5 6 |  6.8
Dodging        | 3 4 5 6 |  6.7
Necromancy     | 8 |  8.3
Spellcasting   | 5 6 |  6.0
Stealth        | |  2.4

Action                   |  1- 3 |  4- 6 |  7- 9 || total
-------------------------+-------+-------+-------++-------
Melee: Unarmed           |       |    15 |       ||    15
       Dagger            |       |       |   156 ||   156
Throw: Stone             |       |     2 |       ||     2
 Cast: Pain              |    64 |    81 |   142 ||   287
       Vampiric Draining |     1 |     3 |    24 ||    28
       Regeneration      |     1 |     1 |     2 ||     4
       Control Undead    |       |       |     1 ||     1
Invok: Divine Energy     |       |       |     1 ||     1
Evoke: Wand              |       |       |    11 ||    11
  Use: Potion            |       |     2 |     4 ||     6
       Scroll            |       |     1 |    12 ||    13
 Stab: Sleeping          |       |       |     2 ||     2
  Eat: Chunk             |     1 |     4 |    15 ||    20
Armor: Robe              |     2 |       |    22 ||    24
       Skin              |       |    14 |       ||    14
Dodge: Dodged            |    14 |    17 |   176 ||   207

Table legend:
 A = Spawn XP
 B = Non-spawn XP
 C = Spawn XP percentage of total XP
 D = Spawn monster count
 E = Non-spawn monster count
 F = Spawn count percentage of total count
 G = Total turns spent on level
                    A         B        C        D         E        F      G
               +---------+---------+-------+---------+---------+-------+---------
         Total |       0 |    3045 |   0.0 |       0 |     162 |   0.0 |  6905
               +---------+---------+-------+---------+---------+-------+---------
           D:1 |       0 |      29 |   0.0 |       0 |      15 |   0.0 |   795
           D:2 |       0 |      71 |   0.0 |       0 |      29 |   0.0 |  1408
           D:3 |       0 |     198 |   0.0 |       0 |      30 |   0.0 |  1112
           D:4 |       0 |     361 |   0.0 |       0 |      21 |   0.0 |   942
           D:5 |       0 |    1208 |   0.0 |       0 |      32 |   0.0 |  1243
           D:6 |       0 |     375 |   0.0 |       0 |       6 |   0.0 |    78
        Temple |       0 |      48 |   0.0 |       0 |       1 |   0.0 |   427
         Sewer |       0 |     755 |   0.0 |       0 |      28 |   0.0 |   900
               +---------+---------+-------+---------+---------+-------+---------
